 Dungeon Crawl Stone Soup version 0.31-a0-229-g1fc7ce93e2 (webtiles) character file.

Game seed: 16212055096925387767

227 qw the Shooter (level 6, -4/36 HPs)
             Began as a Gargoyle Hexslinger on July 6, 2023.
             Killed by nerve-wracking pain
             ... invoked by Menkaure
              (6 damage)
             ... on level 3 of the Dungeon.
             The game lasted 00:01:03 (2714 turns).

qw the Shooter (Gargoyle Hexslinger)                Turns: 2714, Time: 00:01:04

Health: -4/36      AC: 12    Str: 12    XL:     6   Next: 2%
Magic:  7/7        EV: 10    Int: 13    God:
Gold:   160        SH:  0    Dex: 14    Spells: 6/7 levels left

rFire   . . .        f - +1 sling (heavy)
rCold   . . .        (no shield)
rNeg    + . .        a - +1 ring mail {rPois}
rPois   inf          n - +0 helmet
rElec   +            b - +0 cloak
rCorr   .            (no gloves)
SInv    .            (no boots)
Will    +....        (no amulet)
Stlth   +            l - ring of willpower
HPRegen 0.26/turn    (no ring)
MPRegen 0.10/turn

%: no passive effects
@: about to teleport
A: sickness immunity, AC +4, negative energy resistance 1, electricity
resistance, torment resistance 1, petrification resistance
a: no special abilities


You were on level 3 of the Dungeon.
You visited 1 branch of the dungeon, and saw 4 of its levels.
You also visited: Sewer.

You collected 322 gold pieces.
You spent 162 gold pieces at shops.


Innate Abilities, Weirdness & Mutations

You are immune to sickness and miasma.
Your stone body is resilient. (AC +4)
You are immune to poison.
You resist negative energy. (rN+)
You are resistant to electric shocks. (rElec)
You are resistant to unholy torment.
You are immune to petrification.


   Skills:
 + Level 2.4 Fighting
 - Level 5.4 Ranged Weapons
 - Level 1.1 Armour
 - Level 1.5 Dodging
 - Level 1.0 Spellcasting
 - Level 2.6 Hexes


You had 6 spell levels left.
You knew the following spells:

 Your Spells              Type           Power      Damage    Failure   Level
a - Slow                  Hex            28%        N/A       22%         1

Your spell library contained the following spells:

 Spells                   Type           Power      Damage    Failure   Level
 Inner Flame              Hex/Fire       4%         N/A       73%         3
 Portal Projectile        Hex/Tloc       8%         N/A       73%         3
 Cause Fear               Hex            3%         N/A       91%         4

Inventory:

Hand Weapons
 f - a +1 heavy sling (weapon)
Armour
 a - a +1 ring mail of poison resistance (worn)
 b - a +0 cloak (worn)
 n - a +0 helmet (worn)
Jewellery
 l - a ring of willpower (left hand)
Scrolls
 i - a scroll of identify
Potions
 h - a potion of curing {unknown}
 j - a potion of resistance {unknown}

Dungeon Overview and Level Annotations

Branches:
Dungeon (4/15)              Sewer (visited)
 Temple: D:4-7

Altars:
Cheibriados
Hepliaklqana
Wu Jian

Shops:
D:2 ***[[

Annotations:
D:3 Menkaure


Message History

You shoot a sling bullet. The sling bullet barely misses the orc.
The orc barely misses you. The orc completely misses you.
You shoot a sling bullet. The sling bullet hits the orc!
You kill the orc!
You shoot a sling bullet. The sling bullet hits Menkaure!
Menkaure is moderately damaged.
A phantom comes into view.
Menkaure gestures wildly while chanting.
Menkaure seems to speed up.
You shoot a sling bullet. The sling bullet hits Menkaure.
Menkaure is moderately damaged.
Menkaure closely misses you. Menkaure barely misses you.
A kobold comes into view. It is wielding a +0 dagger.
You shoot a sling bullet. The kobold shouts!
The sling bullet hits Menkaure.
Menkaure is heavily damaged.
Menkaure hits you!
Menkaure's ankle releases a plume of dust as he confides, "I'm not really a mummy, you know."
Menkaure misses you.
2709 ||| STAIRDANCE Menkaure calls on the powers of darkness!
Your body is wracked with pain!
You climb upwards.
There is a stone staircase leading down here.
You shoot a sling bullet.
The sling bullet closely misses Menkaure.
Menkaure closely misses you. Menkaure hits you.
You shoot a sling bullet. The sling bullet hits Menkaure.
Menkaure is severely damaged.
Menkaure hits you but does no damage. x2; Menkaure closely misses you.
You shoot a sling bullet. The sling bullet hits Menkaure!
Menkaure is almost destroyed.
Menkaure hits you! x2
2714 ||| READING scroll of teleportation.
As you read the scroll of teleportation, it crumbles to dust.
You feel strangely unstable. Menkaure casts a spell at you.
Pain shoots through your body!
You die...

....##...............#
!#...#..####.##..#.###
.#...#...........#.#
.#....<......#.#.#.#
.##.......#..#...#.#
.#........#..###.#.#
.#.###.#..######.#.#
.#.###.........)M#.#
................@#.#
.#.###.#####....)..#
.#<..#.# ##....####
.#.#.#.# #.#.....#
...#...# #.#..##.#
...###.# ####..##.#
.....#.# #...#.##.#
.....### #.#.#.##.#
##...# #.#....#.###


You could see Menkaure (fast).

Vanquished Creatures
  Pargi (Sewer)
  6 adders
  A worm (D:3)
  3 dart slugs
  4 orcs
  4 ball pythons
  8 bats
  7 endoplasms
  5 giant cockroaches
  5 goblins
  A hobgoblin (D:1)
  7 jackals
  3 quokkas (D:2)
  5 frilled lizards
  3 kobolds
  5 rats
68 creatures vanquished.

Notes
Turn   | Place    | Note
-------+----------+-------------------------------------------
     0 | D:1      | qw the Gargoyle Hexslinger began the quest for the Orb.
     0 | D:1      | Reached XP level 1. HP: 12/12 MP: 2/2
     0 | D:1      | 0 ||| qw: Version: 0.3-a-46-gb1f654a
     0 | D:1      | 0 ||| qw: Game counter: 1468
     0 | D:1      | 0 ||| qw: Melee chars always use a shield: true
     0 | D:1      | 0 ||| qw: God list: Okawaru
     0 | D:1      | 0 ||| qw: Allow faded altars: false
     0 | D:1      | 0 ||| qw: Do Orc after clearing Dungeon:15 true
     0 | D:1      | 0 ||| qw: Do second Lair branch before Depths: true
     0 | D:1      | 0 ||| qw: Lair rune preference: random
     0 | D:1      | 0 ||| qw: Goals: Normal
     0 | D:1      | 0 ||| PLANNING D:1-11
    19 | D:1      | 19 ||| FLEEEEING.
    20 | D:1      | 20 ||| FLEEEEING.
    21 | D:1      | 21 ||| FLEEEEING.
    22 | D:1      | 22 ||| FLEEEEING.
    23 | D:1      | 23 ||| FLEEEEING.
    24 | D:1      | 24 ||| FLEEEEING.
    51 | D:1      | Reached XP level 2. HP: 16/16 MP: 3/3
   215 | D:1      | Reached skill level 3 in Ranged Weapons
   478 | D:1      | Reached XP level 3. HP: 17/21 MP: 4/4
   918 | D:1      | 918 ||| UPGRADING to +0 leather armour.
   928 | D:1      | 928 ||| DROPPING +0 robe.
   929 | D:1      | 929 ||| UPGRADING to +0 ring mail.
   939 | D:1      | 939 ||| DROPPING +0 leather armour.
   940 | D:1      | 940 ||| UPGRADING to +0 helmet.
   945 | D:1      | 945 ||| READING scroll labelled QESUOMPEMU.
   946 | D:1      | 946 ||| READING scroll labelled CIOSYCV SAEK.
   947 | D:1      | 947 ||| READING scroll labelled VIR WUEMYSIPLANN.
  1048 | D:1      | 1048 ||| READING scroll labelled ICZEOL JECAOXO.
  1053 | D:1      | 1053 ||| READING scroll labelled IROSOC OFOIHA.
  1054 | D:1      | 1054 ||| DROPPING scroll of poison.
  1087 | D:2      | Reached skill level 1 in Armour
  1166 | D:2      | Found Dyeteleu's Antique Armour Shoppe.
  1176 | D:2      | 1176 ||| BUYING cloak (85 gold).
  1176 | D:2      | Bought a cloak for 85 gold pieces
  1176 | D:2      | 1176 ||| SHOPLISTING embroidered robe (70 gold, have 3).
  1248 | D:2      | Found a faded altar of an unknown god.
  1268 | D:2      | Found Enaru's Antique Armour Shoppe.
  1276 | D:2      | 1276 ||| SHOPLISTING pair of gloves (94 gold, have 13).
  1377 | D:2      | Found Xoludeuxt's Assorted Antiques.
  1381 | D:2      | Reached XP level 4. HP: 26/26 MP: 5/5
  1390 | D:2      | 1390 ||| BUYING 2 fizzy black potions (36 gold).
  1390 | D:2      | Bought 2 fizzy black potions for 36 gold pieces
  1390 | D:2      | 1390 ||| SHOPLISTING 2 smoky orange potions (36 gold, have
                  | 24).
  1390 | D:2      | 1390 ||| BUYING grey potion (18 gold).
  1390 | D:2      | Bought a grey potion for 18 gold pieces
  1390 | D:2      | 1390 ||| SHOPLISTING scroll of teleportation (60 gold, have
                  | 6).
  1510 | D:2      | Found Laoxy's General Store.
  1517 | D:2      | 1517 ||| SHOPLISTING potion of heal wounds (65 gold, have
                  | 26).
  1594 | D:2      | Found Niwo's Assorted Antiques.
  1600 | D:2      | 1600 ||| SHOPLISTING brass wand (104 gold, have 26).
  1600 | D:2      | 1600 ||| SHOPLISTING bronze wand (104 gold, have 26).
  1600 | D:2      | 1600 ||| BUYING lumpy brown potion (23 gold).
  1600 | D:2      | Bought a lumpy brown potion for 23 gold pieces
  1600 | D:2      | 1600 ||| SHOPLISTING orange potion (23 gold, have 3).
  1600 | D:2      | 1600 ||| SHOPLISTING scroll of identify (52 gold, have 3).
  1852 | D:2      | 1852 ||| UPGRADING to +1 ring mail of poison resistance.
  1862 | D:2      | 1862 ||| UPGRADING to +0 cloak.
  1867 | D:2      | 1867 ||| DROPPING +0 ring mail.
  1868 | D:2      | 1868 ||| DROPPING ring of flight.
  1869 | D:2      | 1869 ||| DRINKING 2 grey potions.
  1870 | D:2      | 1870 ||| DRINKING 2 fizzy black potions.
  1871 | D:2      | 1871 ||| DROPPING potion of magic.
  1894 | D:3      | 1894 ||| PLANNING SEWER
  1951 | D:3      | Found an ornate altar of the Wu Jian Council.
  1997 | D:3      | Found a glowing drain.
  2012 | D:3      | Reached skill level 4 in Ranged Weapons
  2052 | Sewer    | Entered a sewer
  2089 | Sewer    | Noticed Pargi
  2113 | Sewer    | HP: 6/26 [Pargi (1)]
  2114 | Sewer    | 2114 ||| READING 2 scrolls of teleportation.
  2117 | Sewer    | 2117 ||| DRINKING potion of heal wounds.
  2134 | Sewer    | 2134 ||| UPGRADING to ring of willpower.
  2135 | Sewer    | 2135 ||| READING scroll labelled MIN KEXUCINALI.
  2136 | Sewer    | 2136 ||| READING scroll labelled GERHONNISCH.
  2153 | Sewer    | Killed Pargi
  2154 | Sewer    | Reached skill level 5 in Ranged Weapons
  2154 | Sewer    | Reached XP level 5. HP: 30/30 MP: 6/6
  2162 | D:3      | 2162 ||| PLANNING D:1-11
  2190 | D:3      | Found a hazy altar of Hepliaklqana.
  2248 | D:3      | Found a snail-covered altar of Cheibriados.
  2577 | D:3      | 2577 ||| READING 3 scrolls of identify.
  2577 | D:3      | 2577 ||| IDENTIFYING puce potion
  2578 | D:3      | 2578 ||| READING 2 scrolls of identify.
  2578 | D:3      | 2578 ||| IDENTIFYING smoky orange potion
  2579 | D:3      | 2579 ||| DROPPING potion of ambrosia.
  2580 | D:3      | 2580 ||| DROPPING potion of degeneration.
  2601 | D:4      | 2601 ||| STAIRDANCE
  2612 | D:4      | 2612 ||| STAIRDANCE
  2617 | D:3      | Reached XP level 6. HP: 20/36 MP: 7/7
  2702 | D:4      | Noticed Menkaure
  2709 | D:4      | 2709 ||| STAIRDANCE
  2713 | D:3      | HP: 2/36 [Menkaure (11)]
  2714 | D:3      | 2714 ||| READING scroll of teleportation.
  2714 | D:3      | Killed from afar by Menkaure

Levels and vault maps discovered:
D:1:      minmay_arrival_plants_in_alcoves, layout_basic,
          nicolae_kite_square_tiling_tiny
D:2:      layout_basic, shapermc_ecumenical_altar_mp_ritualfount, serial_shops,
          nicolae_shop_trees, nicolae_shop_dealshenge, shop_fountains, shop,
          shop, minmay_circled_x
D:3:      layout_basic, amcnicky_altar_gilded,
          nicolae_wu_jian_immortal_techniques,
          mainiacjoe_overflow_six_doors_small, gup_sewer_entry_glass
D:4:      layout_cave_pools, kiku_gazebo_pond_becter, vehumet_altar_wand_db,
          ebering_ghost_rock_garden, uniq_duvessa, uniq_menkaure

Skill      XL: |  1  2  3  4 |
---------------+-------------+-----
Ranged Weapons | 3 5 |  5.4
Fighting       | 2 |  2.4
Armour         | 1 |  1.1
Dodging        | |  1.5
Spellcasting   | |  1.0
Hexes          | |  2.6

Action                     |  1- 3 |  4- 6 || total
---------------------------+-------+-------++-------
   Fire: Sling             |    95 |   125 ||   220
    Use: Scroll            |     5 |     6 ||    11
         Potion            |       |     3 ||     3
 Armour: Robe              |    26 |       ||    26
         Ring mail         |    21 |   175 ||   196
  Dodge: Dodged            |    42 |   124 ||   166

Table legend:
 A = Non-vault XP
 B = Vault XP
 C = Vault XP percentage of total XP
 D = Non-vault monster count
 E = Vault monster count
 F = Vault count percentage of total count
                 A         B        C        D         E       F
            +---------+---------+-------+---------+---------+-------
      Total |     123 |     202 |  62.2 |      53 |      15 |  22.1
            +---------+---------+-------+---------+---------+-------
        D:1 |      40 |       0 |   0.0 |      23 |       0 |   0.0
        D:2 |      39 |      18 |  31.6 |      14 |       4 |  22.2
        D:3 |      38 |      45 |  54.2 |      14 |       6 |  30.0
        D:4 |       6 |       0 |   0.0 |       2 |       0 |   0.0
      Sewer |       0 |     139 | 100.0 |       0 |       5 | 100.0
            +---------+---------+-------+---------+---------+-------
